 Dungeon Crawl Stone Soup version 0.30-b1-2-g02819fbbbe (webtiles) character file.

Game seed: 18381047189180649951

214867 LLlMATKO the Tortoise (level 18, -17/171 HPs)
             Began as a Minotaur Berserker on May 7, 2023.
             Was a High Priest of Trog.
             Succumbed to a wolf spider's poison
             ... on level 2 of the Spider Nest.
             The game lasted 01:09:43 (39547 turns).

LLlMATKO the Tortoise (Minotaur Berserker)         Turns: 39547, Time: 01:09:44

Health: -17/171    AC: 29    Str: 26    XL:     18   Next: 31%
Magic:  17/17      EV: 13    Int:  4    God:    Trog [*****.]
Gold:   3042       SH: 18    Dex: 14    Spells: 17/17 levels left

rFire   . . .        w - +6 broad axe (heavy)
rCold   + . .        T - +0 tower shield
rNeg    + + +        I - +1 plate armour
rPois   .            W - +2 hood of the Assassin {Detect Stab+ Stlth++}
rElec   .            H - scarf {rC+ rF+}
rCorr   .            U - +1 pair of gloves "Fuwning" {Rampage}
SInv    .            M - +2 pair of boots
Will    ++...        u - amulet "Dobuimmi" {-Cast rF- rN+++ Regen+ Slay+4} Stlth
                     b - ring of flight
HPRegen 1.28/turn    m - ring of willpower
MPRegen 0.15/turn

%: no spellcasting, rampage
@: lethally poisoned (-17 -> -81), on berserk cooldown, flying, slowed, very
slow
A: horns 2, retaliatory headbutt
}: 1/15 runes: barnacled
a: Renounce Religion, Berserk, Trog's Hand, Brothers in Arms


You were on level 2 of the Spider Nest.
You worshipped Trog.
Trog was extremely pleased with you.
You visited 5 branches of the dungeon, and saw 28 of its levels.
You visited the Abyss 2 times.
You also visited: Sewer, Ossuary, Ice Cave and Volcano.

You collected 3271 gold pieces.
You spent 229 gold pieces at shops.

Inventory:

Hand Weapons
 q - the +10 hand crossbow of Kyffyzus {penet, rPois Str+4}
   (You bought it in a shop on level 6 of the Dungeon)

   Str:       It affects your strength (+4).
   rPois:     It protects you from poison.
 w - a +6 heavy broad axe (weapon)
 Z - a +3 battleaxe of flaming
Missiles
 d - 14 javelins
 f - 15 curare-tipped darts (quivered)
 y - 71 poisoned darts
 C - 5 throwing nets
 Y - 9 silver javelins
Armour
 h - a +4 chain mail of fire resistance
 H - a scarf of resistance (worn)
 I - a +1 plate armour (worn)
 M - a +2 pair of boots (worn)
 T - a +0 tower shield (worn)
 U - the +1 pair of gloves "Fuwning" (worn) {Rampage}
   (You acquired it on level 1 of the Shoals)

   Rampage:   It bestows one free step when moving towards enemies.
 W - the +2 hood of the Assassin (worn) {Detect Stab+ Stlth++}
   (You found it on level 10 of the Dungeon)

   Detect:    It allows the wearer to sense nearby creatures.
   Stab+:     It allows the wearer to make particularly effective stabbing
   attacks against helpless or unaware enemies with any weapon.
   Stlth:     It makes you much more stealthy.
Jewellery
 a - a ring of fire
 b - a ring of flight (left hand)
 m - a ring of willpower (right hand)
 u - the amulet "Dobuimmi" (around neck) {-Cast rF- rN+++ Regen+ Slay+4}
   (You found it in an ice cave)

   [amulet of regeneration]

   Slay:      It affects your accuracy & damage with ranged weapons and melee
   (+4).
   rF:        It makes you vulnerable to fire.
   rN:        It renders you almost immune to negative energy.
   -Cast:     It prevents spellcasting.
   Regen:     It increases your rate of health regeneration.
 D - a ring of protection from cold
 J - a ring of protection from fire
 L - a ring of poison resistance
 N - a ring of positive energy
 O - a ring of willpower
 S - a ring of protection from fire
Wands
 l - a wand of mindburst (7)
 o - a wand of polymorph (5)
 v - a wand of flame (47)
 A - a wand of charming (27)
 E - a wand of quicksilver (14)
 V - a wand of roots (26)
Scrolls
 c - 4 scrolls of noise
 j - 18 scrolls of identify
 r - 3 scrolls of poison
 t - 3 scrolls of fog
 x - 4 scrolls of fear
 z - a scroll of summoning
 B - 5 scrolls of blinking
 K - 2 scrolls of magic mapping
 P - 2 scrolls of silence
 Q - 8 scrolls of teleportation
Potions
 e - 4 potions of flight
 g - 3 potions of ambrosia
 i - 6 potions of haste
 k - 2 potions of cancellation
 n - 17 potions of curing
 p - 8 potions of heal wounds
 s - a potion of resistance
 F - a potion of berserk rage
 G - 7 potions of might
 R - 2 potions of invisibility
 X - a potion of magic


   Skills:
 + Level 17.7 Fighting
 + Level 17.8 Axes
 + Level 15.3 Ranged Weapons
 + Level 20.3 Armour
 + Level 16.2 Dodging
 + Level 13.4 Shields


You had 17 spell levels left.
You didn't know any spells.
Your spell library was empty.

Dungeon Overview and Level Annotations

Branches:
Dungeon (15/15)            Temple (0/1) D:4            Lair (5/5) D:10
 Shoals (4/4) Lair:3       Spider (2/4) Lair:3        Slime (0/5) Lair:5
    Orc (2/2) D:10            Elf (0/3) Orc:2        Vaults (0/5) D:14
 Depths (0/4) D:15          Sewer (visited)         Ossuary (visited)
  IceCv (visited)         Volcano (visited)

Altars:
Ashenzari
Dithmenos
Makhleb
Nemelex Xobeh
Qazlal
Ru
Trog
Uskayaw
Wu Jian
Xom
Jiyva
Lugonu

Shops:
D:6 *?(   D:11 =   Orc:2 ([*(   Shoals:1 *   Shoals:3 *   Shoals:4 =

Portals:
Abyss: Lair:5


Innate Abilities, Weirdness & Mutations

You have a pair of horns on your head.
You reflexively headbutt those who attack you in melee.


Message History

The demonic crawler hits you but does no damage. x2
You block the demonic crawler's attack.
The wolf spider hits you but does no damage.
The wolf spider bites you.
You are more poisoned.
The wolf spider poisons you!
The culicivora bites you but does no damage.
You block the demonic crawler's attack.
The demonic crawler hits you but does no damage.
The demonic crawler hits you.
The wolf spider hits you but does no damage.
The wolf spider bites you but does no damage.
You carve the wolf spider like a ham!!!
You kill the wolf spider!
Trog accepts your kill.
You hit the culicivora. You slice the culicivora!!
You slash the demonic crawler!
* * * LOW HITPOINT WARNING * * *
You feel extremely sick.
The culicivora is healed somewhat.
You block the culicivora's attack.
The demonic crawler hits you but does no damage.
The demonic crawler closely misses you.
The demonic crawler hits you but does no damage.
The culicivora closely misses you. You furiously retaliate!
You headbutt the culicivora! The culicivora misses you.
You furiously retaliate!
You headbutt the culicivora!! You block the demonic crawler's attack.
The demonic crawler hits you but does no damage.
The demonic crawler closely misses you.
The culicivora bites you but does no damage.
The culicivora completely misses you. You furiously retaliate!
You headbutt the culicivora!
You kill the culicivora!
Trog accepts your kill.
Unknown command.
You open the demonic crawler like a pillowcase!!!
You headbutt the demonic crawler!
The demonic crawler is almost dead.
You miss the culicivora.
You die...

## ..####
#....###. #
##....... #..
###......#
....##........#
##....s.....##
#....@†......#
#....†s..<...#
#.##....^.....#
# ###........#
###.....##
#.....# .....##
...### ....#


You could see a demonic crawler and a culicivora.

Vanquished Creatures
  Nikola (Spider:1)
  Jorgrun (D:14)
  Rupert (D:13)
  3 liches (Abyss:2)
  2 krakens
  Gastronok (Lair:3)
  Kirke (D:13)
  A tentacled starspawn (Abyss:2)
  Ilsuiw (Shoals:2)
  An emperor scorpion (Spider:1)
  A cacodemon (Abyss:2)
  A very ugly thing (Abyss:2)
  A white draconian (IceCv)
  A dire elephant (Lair:4)
  2 spark wasps
  13 merfolk impalers
  Snorg (Lair:3)
  9 merfolk javelineers
  An ettin (D:15)
  2 entropy weavers (Spider:1)
  Josephine (D:15)
  4 vault guards (D:14)
  A jorogumo (Spider:1)
  Fannar (Lair:1)
  Erolcha (D:12)
  A catoblepas (Lair:5)
  6 hydras
  A radroach (Spider:1)
  8 merfolk aquamancers
  3 satyrs
  5 two-headed ogres
  7 merfolk avatars
  5 alligator snapping turtles
  5 boulder beetles
  A centaur warrior (Volcano)
  2 tengu warriors (D:15)
  A death knight (Abyss:2)
  3 orc high priests (Orc:2)
  5 thrashing horrors
  2 hell knights
  A pharaoh ant (Spider:1)
  12 skysharks
  4 skeletal warriors (D:14)
  8 sea snakes
  An orb spider (Lair:3)
  A shadow demon (Abyss:2)
  2 sixfirhies (Abyss:2)
  Pikel (D:8)
  A deep elf archer (D:14)
  A wizard (D:15)
  2 orc knights
  2 steelbarb worms (Spider:1)
  A necromancer (D:15)
  8 harpies (Shoals:1)
  A lindwurm (Lair:5)
  2 deep elf pyromancers
  9 ugly things
  6 wolf spiders
  17 cyclopes
  3 orc sorcerers
  5 fauns
  17 manticores
  8 elephants
  A worldbinder (Abyss:2)
  A black mamba (shapeshifter) (D:14)
  2 ice statues (IceCv)
  5 slime creatures
  7 black mambas
  7 merfolk sirens
  8 water nymphs
  3 smoke demons
  2 gargoyles
  A torpor snail (Spider:1)
  4 demonic crawlers (Spider:1)
  11 cane toads
  4 kobold demonologists (D:12)
  2 unseen horrors
  10 rime drakes
  3 yaktaurs
  6 ancient zymes
  2 tengu conjurers (D:14)
  15 komodo dragons
  3 freezing wraiths (Abyss:2)
  5 polar bears
  3 meliai (D:14)
  3 trolls
  7 wind drakes
  A queen bee (shapeshifter) (D:15)
  35 merfolk
  11 hornets
  A harpy skeleton (Abyss:2)
  9 snapping turtles
  2 tarantellas (shapeshifter)
  13 blink frogs
  11 dream sheep
  11 tarantellas
  A large abomination (Lair:5)
  12 culicivoras
  A spriggan (shapeshifter) (Lair:5)
  A culicivora (shapeshifter) (D:15)
  3 flying skulls (Abyss:2)
  9 jumping spiders
  A shadow (D:12)
  10 water elementals
  2 vampires
  A fire elemental (Lair:2)
  5 wraiths
  A ynoxinul (Lair:5)
  56 yaks
  A spriggan (Lair:5)
  18 small abominations
  2 hogs (D:13)
  2 chaos spawn (Abyss:2)
  3 wyverns
  A death yak simulacrum (D:12)
  2 neqoxecs (Abyss:2)
  14 basilisks
  3 steam dragons
  A warg (D:15)
  Edmund (D:4)
  9 vampire mosquitoes
  22 redbacks
  A water moccasin (shapeshifter) (Lair:5)
  3 acid dragons
  Duvessa (D:6)
  13 water moccasins
  A floating eye (D:10)
  2 sky beasts
  A swamp drake (D:10)
  An ice beast (shapeshifter) (D:14)
  21 orc warriors
  2 ice beasts
  3 black bears
  2 ogres (Orc:2)
  29 wolves
  12 centaurs
  A phantom (D:5)
  11 kobold brigands
  Blork the orc (D:6)
  13 bullfrogs
  A cane toad simulacrum (D:12)
  2 gnoll sergeants
  An earth elemental (Abyss:2)
  13 scorpions
  2 elf skeletons (D:8)
  Dowan (D:6)
  7 wights
  2 lindwurm simulacra (IceCv)
  2 elephant simulacra (D:12)
  22 killer bees
  3 electric eels
  3 howler monkeys
  2 centaur zombies (Ossuary)
  6 komodo dragon simulacra (IceCv)
  A quasit (Abyss:2)
  3 hounds
  3 jellies
  2 human zombies
  2 sleepcaps
  7 starcursed masses (Abyss:2)
  Crazy Yiuf (D:4)
  27 orc priests
  2 gnoll boudas
  A human skeleton (D:8)
  5 scorpion zombies (Ossuary)
  7 iguanas
  24 orc wizards
  3 troll simulacra (D:12)
  3 mummies (Ossuary)
  22 gnolls
  4 acid dragon simulacra (IceCv)
  4 adders
  A naga simulacrum (D:12)
  A river rat (Sewer)
  A white imp (D:7)
  An ufetubus (Abyss:2)
  9 steam dragon simulacra (IceCv)
  A worm (D:3)
  2 dart slugs (D:4)
  42 orcs
  3 ball pythons
  6 endoplasms
  4 giant cockroaches
  5 goblins
  2 hobgoblins (D:2)
  A jackal (Sewer)
  8 quokkas
  6 bats
  A gnoll zombie (Ossuary)
  3 goblin zombies (Ossuary)
  5 hobgoblin zombies (Ossuary)
  27 kobolds
  A kobold zombie (Ossuary)
  An orc skeleton (D:8)
  3 orc zombies
  28 rats
  3 tentacles
1083 creatures vanquished.

Vanquished Creatures (collateral kills)
  A draconian stormcaller (Abyss:2)
  2 very ugly things (Abyss:2)
  The ghost of Nyg Tys the Severer, a journeyman MiBe of Trog (D:12)
  The ghost of Arctirus the Destroyer, a journeyman OpHW of Vehumet (D:10)
  A dancing weapon (D:10)
  A thrashing horror (Abyss:2)
  A wretched star (Abyss:2)
  A skeletal warrior (Abyss:2)
  4 smoke demons (Abyss:2)
  An orange demon (Abyss:2)
  An ancient zyme (Abyss:2)
  A meliai (shapeshifter) (Abyss:2)
  4 large abominations (Abyss:2)
  5 yaks (Lair:4)
  A chaos spawn (Abyss:2)
  An orc warrior (Orc:2)
  2 kobold brigands (D:12)
  6 orc priests (Orc:2)
  6 starcursed masses (Abyss:2)
  3 orc wizards (Orc:2)
  An orc (Orc:2)
45 creatures vanquished.

Vanquished Creatures (others)
  An orc high priest (Orc:2)
  An orb spider (Spider:1)
  A wizard (D:10)
  A merfolk (Shoals:3)
  A human (D:13)
  An orc priest (D:4)
  31 fungi
  A lurking horror (Abyss:2)
  101 plants
  12 tentacles
  3 toadstools (D:2)
154 creatures vanquished.

Grand Total: 1282 creatures vanquished

Notes
Turn   | Place    | Note
-------+----------+-------------------------------------------
     0 | D:1      | LLlMATKO the Minotaur Berserker began the quest for the
                  | Orb.
     0 | D:1      | Reached XP level 1. HP: 19/19 MP: 0/0
   469 | D:1      | Reached XP level 2. HP: 27/27 MP: 1/1
   474 | D:1      | Found a faded altar of an unknown god.
  1010 | D:2      | Reached skill level 3 in Armour
  1010 | D:2      | Reached XP level 3. HP: 33/33 MP: 2/2
  1118 | D:2      | Found a shadowy altar of Dithmenos.
  1658 | D:2      | Found a shadowy altar of Dithmenos.
  2682 | D:3      | Noticed a sky beast
  2708 | D:3      | Killed a sky beast
  2709 | D:3      | Reached XP level 4. HP: 37/41 MP: 3/3
  2709 | D:3      | Reached XP level 5. HP: 43/47 MP: 4/4
  2801 | D:3      | Reached skill level 4 in Armour
  2977 | D:3      | Reached ** piety under Trog
  3240 | D:4      | Identified the +2 ring mail "Ibeimm" {Int+2 Dex+4}
  3260 | D:4      | Found a staircase to the Ecumenical Temple.
  3348 | D:4      | Noticed Edmund
  3357 | D:4      | Killed Edmund
  3358 | D:4      | Reached skill level 5 in Fighting
  3358 | D:4      | Reached skill level 5 in Axes
  3358 | D:4      | Reached XP level 6. HP: 56/56 MP: 5/5
  3804 | D:4      | Reached skill level 5 in Armour
  3900 | D:4      | Reached XP level 7. HP: 62/62 MP: 6/6
  4095 | D:4      | Found a runed translucent door.
  4096 | D:4      | Noticed Crazy Yiuf
  4249 | D:4      | Killed Crazy Yiuf
  4317 | D:4      | Found a staircase to the Ecumenical Temple.
  4901 | D:5      | Entered Level 5 of the Dungeon
  5148 | D:5      | Found a broken altar of Ashenzari.
  5207 | D:5      | Reached skill level 5 in Dodging
  5335 | D:5      | Found a hide-covered altar of Uskayaw.
  5721 | D:6      | Noticed Blork the orc
  5725 | D:6      | Killed Blork the orc
  5726 | D:6      | Reached skill level 6 in Armour
  5726 | D:6      | Reached XP level 8. HP: 71/71 MP: 7/7
  5850 | D:6      | Found Qusibovo's Antique Weapon Emporium.
  5850 | D:6      | Found Netyoth's Magic Scroll Emporium.
  5850 | D:6      | Found Dufos's Assorted Antiques.
  5852 | D:6      | Bought a brightly glowing hand crossbow for 229 gold pieces
  5852 | D:6      | Identified the +10 hand crossbow of Kyffyzus {penet, rPois
                  | Str+4} (You bought it in a shop on level 6 of the Dungeon)
  5898 | D:6      | Noticed a troll
  5900 | D:6      | Noticed Duvessa
  5901 | D:6      | Noticed Dowan
  5912 | D:6      | Reached skill level 1 in Ranged Weapons
  5913 | D:6      | Killed a troll
  5923 | D:6      | Killed Dowan
  5927 | D:6      | Killed Duvessa
  6015 | D:6      | Reached skill level 7 in Armour
  6021 | D:6      | Reached *** piety under Trog
  6114 | D:6      | Found a glowing drain.
  6119 | D:6      | Reached XP level 9. HP: 80/80 MP: 8/8
  6125 | Sewer    | Entered a sewer
  6231 | Sewer    | Found a white marble altar of Elyvilon.
  6466 | D:6      | Found an ornate altar of the Wu Jian Council.
  6789 | D:6      | Found Qusibovo's Antique Weapon Emporium.
  6794 | D:6      | Found Netyoth's Magic Scroll Emporium.
  6797 | D:6      | Found Dufos's Assorted Antiques.
  7036 | D:6      | Found an ornate altar of the Wu Jian Council.
  7543 | D:7      | Found a burning altar of Makhleb.
  7797 | D:7      | Reached **** piety under Trog
  7929 | D:7      | Reached skill level 8 in Armour
  7981 | D:7      | Noticed a cyclops
  7995 | D:7      | Killed a cyclops
  8073 | D:7      | Noticed a gargoyle
  8080 | D:7      | Killed a gargoyle
  8081 | D:7      | Reached skill level 5 in Ranged Weapons
  8081 | D:7      | Reached XP level 10. HP: 51/90 MP: 9/9
  8164 | D:7      | Noticed a cyclops
  8169 | D:7      | Noticed a manticore
  8171 | D:7      | Killed a cyclops
  8181 | D:7      | Killed a manticore
  8415 | D:7      | Reached skill level 9 in Armour
  8437 | D:7      | Found a shimmering altar of Xom.
  8820 | D:8      | Found a sand-covered staircase.
  8833 | Ossuary  | Entered an ossuary
  9400 | D:8      | Found a sacrificial altar of Ru.
  9408 | D:8      | Noticed Pikel
  9414 | D:8      | Killed Pikel
  9415 | D:8      | Reached skill level 10 in Fighting
  9415 | D:8      | Reached skill level 10 in Axes
  9547 | D:8      | Identified the +6 dagger "Juxalut" {flame, rF+}
  9626 | D:8      | Found a sparkling altar of Nemelex Xobeh.
  9627 | D:8      | Noticed a two-headed ogre
  9635 | D:8      | Killed a two-headed ogre
  9636 | D:8      | Reached XP level 11. HP: 64/99 MP: 10/10
  9967 | D:9      | Reached ***** piety under Trog
  9969 | D:9      | Reached skill level 10 in Armour
 10228 | D:9      | Noticed a two-headed ogre
 10234 | D:9      | Killed a two-headed ogre
 10365 | D:9      | Found a stormy altar of Qazlal.
 10740 | D:10     | Entered Level 10 of the Dungeon
 11080 | D:10     | Found a bloodstained altar of Trog.
 11083 | D:10     | Noticed a wizard
 11088 | D:10     | Killed a wizard
 11200 | D:10     | Received a gift from Trog
 11387 | D:10     | Reached skill level 10 in Dodging
 11457 | D:10     | Found a staircase to the Orcish Mines.
 11529 | D:10     | Found a runed translucent door.
 11529 | D:10     | Found a shimmering altar of Xom.
 11529 | D:10     | Noticed Arctirus's ghost (journeyman OpHW)
 11529 | D:10     | Found the +2 hood of the Assassin {Detect Stab+ Stlth++}
 11529 | D:10     | Noticed a +2 rapier of chaos
 11556 | D:10     | Found a staircase to the Lair.
 11645 | D:10     | Reached skill level 11 in Armour
 11806 | D:10     | Paralysed by a hornet for 2 turns
 11809 | D:10     | Noticed an orc sorcerer
 11813 | D:10     | Reached XP level 12. HP: 62/110 MP: 11/11
 11816 | D:10     | Paralysed by a hornet for 1 turns
 11957 | D:10     | Killed Arctirus's ghost
 12228 | D:11     | Noticed a boulder beetle
 12240 | D:11     | Killed a boulder beetle
 12721 | D:11     | Found Alucufyi's Jewellery Shoppe.
 13157 | D:12     | Noticed a boulder beetle
 13176 | D:12     | Killed a boulder beetle
 13177 | D:12     | Reached skill level 1 in Shields
 13243 | D:12     | Reached skill level 12 in Armour
 13274 | D:12     | Found a frozen archway.
 13284 | IceCv    | Entered an ice cave
 14160 | IceCv    | Noticed a white draconian
 14182 | IceCv    | Killed a white draconian
 14246 | IceCv    | Identified the amulet "Dobuimmi" {-Cast rF- rN+++ Regen+
                  | Slay+4}
 14468 | IceCv    | Identified a scroll of acquirement
 14468 | IceCv    | Acquired a manual of Armour
 14709 | D:12     | Noticed Erolcha
 14717 | Abyss:2  | Cast into level 2 of the Abyss (Erolcha)
 14774 | Abyss:2  | Found a corrupted altar of Lugonu.
 14820 | Abyss:2  | Noticed a lich
 14827 | Abyss:2  | Killed a lich
 14828 | Abyss:2  | Reached XP level 13. HP: 119/119 MP: 12/12
 14958 | Abyss:2  | Noticed a starcursed mass
 14983 | Abyss:2  | Paralysed by accursed screaming for 1 turns
 14989 | Abyss:2  | Reached skill level 10 in Ranged Weapons
 15110 | Abyss:2  | Noticed a cacodemon
 15124 | Abyss:2  | Killed a cacodemon
 15138 | Abyss:2  | Noticed a starcursed mass
 15143 | Abyss:2  | Killed a starcursed mass
 15144 | Abyss:2  | Reached skill level 13 in Armour
 15151 | Abyss:2  | Noticed a green very ugly thing
 15153 | Abyss:2  | Killed a green very ugly thing
 15154 | Abyss:2  | Noticed a green very ugly thing
 15156 | Abyss:2  | Noticed a green very ugly thing
 15157 | Abyss:2  | Killed a red very ugly thing
 15159 | D:12     | Escaped the Abyss
 15164 | D:12     | Killed Erolcha
 15235 | D:12     | Reached skill level 5 in Shields
 15252 | D:12     | Found a runed translucent gate.
 15252 | D:12     | Found a runed translucent gate.
 15252 | D:12     | Found a runed translucent gate.
 15254 | D:12     | Noticed Nyg Tys's ghost (journeyman MiBe)
 16317 | Lair:1   | Entered Level 1 of the Lair of Beasts
 16664 | Lair:1   | Reached skill level 14 in Armour
 16821 | Lair:1   | Noticed Fannar
 16826 | Lair:1   | Killed Fannar
 17883 | Lair:2   | Received a gift from Trog
 17884 | Lair:2   | Reached XP level 14. HP: 129/129 MP: 13/13
 18614 | Lair:3   | Noticed Snorg
 18620 | Lair:3   | Killed Snorg
 18786 | Lair:3   | Found a staircase to the Shoals.
 18841 | Lair:3   | Noticed Gastronok
 18852 | Lair:3   | Killed Gastronok
 18939 | Lair:3   | Found a hole to the Spider Nest.
 19250 | Lair:4   | Reached skill level 15 in Armour
 19324 | Lair:4   | Found a dark tunnel.
 19329 | Volcano  | Entered a volcano
 19488 | Volcano  | Found a radiant altar of Vehumet.
 20655 | Lair:5   | Entered Level 5 of the Lair of Beasts
 21287 | Lair:5   | Received a gift from Trog
 21288 | Lair:5   | Reached skill level 16 in Armour
 21430 | Lair:5   | Found a viscous altar of Jiyva.
 21430 | Lair:5   | Found a staircase to the Slime Pits.
 21439 | Lair:5   | Identified the +5 trident of the Queen {venom, rC+ rN+
                  | Str-4}
 21540 | Lair:5   | Reached XP level 15. HP: 113/139 MP: 14/14
 22108 | Lair:5   | Received a gift from Trog
 22312 | Lair:5   | Reached skill level 15 in Axes
 22451 | Lair:5   | Found a corrupted altar of Lugonu.
 22451 | Lair:5   | Found a one-way gate to the infinite horrors of the Abyss.
 22780 | Orc:1    | Entered Level 1 of the Orcish Mines
 23122 | Orc:2    | Entered Level 2 of the Orcish Mines
 23374 | Orc:2    | Reached skill level 15 in Fighting
 23782 | Orc:2    | Reached skill level 17 in Armour
 24024 | Orc:2    | Found a staircase to the Elven Halls.
 24051 | Orc:2    | Reached ****** piety under Trog
 24256 | Orc:2    | Found Icwexova's Armour Shop.
 24256 | Orc:2    | Found Laemieg's Weapon Shop.
 24257 | Orc:2    | Found Junas's Assorted Antiques.
 24261 | Orc:2    | Found Kytowk's Antique Weapon Boutique.
 24604 | D:12     | Killed Nyg Tys's ghost
 24690 | D:13     | Received a gift from Trog
 24769 | D:13     | Noticed Rupert
 24775 | D:13     | Paralysed by Rupert for 4 turns
 24782 | D:13     | Killed Rupert
 25044 | D:13     | Noticed Kirke
 25069 | D:13     | Killed Kirke
 25605 | D:14     | Noticed Jorgrun
 25615 | D:14     | Killed Jorgrun
 25945 | D:14     | Reached skill level 10 in Shields
 27111 | D:14     | Reached XP level 16. HP: 144/149 MP: 15/15
 27188 | D:14     | Found a gate to the Vaults.
 27290 | D:15     | Entered Level 15 of the Dungeon
 27300 | D:15     | Reached skill level 18 in Armour
 27323 | D:15     | Noticed Josephine
 27332 | D:15     | Killed Josephine
 27666 | D:15     | Identified the +0 scale mail of Sorcery {rN+ Int+4 Dex+3}
 28211 | D:15     | Found a staircase to the Depths.
 28619 | Shoals:1 | Entered Level 1 of the Shoals
 29054 | Shoals:1 | Found Kyllixao's Island Escapes.
 29062 | Shoals:1 | Acquired the +1 pair of gloves "Fuwning" {Rampage}
 29157 | Shoals:1 | Received a gift from Trog
 29887 | Shoals:2 | Noticed Ilsuiw
 30041 | Shoals:2 | Reached skill level 19 in Armour
 30257 | Shoals:2 | Killed Ilsuiw
 30258 | Shoals:2 | Reached skill level 15 in Dodging
 31213 | Abyss:2  | Cast into level 2 of the Abyss (merfolk impaler)
 31390 | Abyss:2  | Noticed a lich
 31391 | Abyss:2  | Noticed a tentacled starspawn
 31395 | Abyss:2  | Killed a tentacled starspawn
 31397 | Abyss:2  | Killed a lich
 31674 | Abyss:2  | Received a gift from Trog
 31679 | Abyss:2  | Reached XP level 17. HP: 150/159 MP: 16/16
 31681 | Abyss:2  | Noticed a lich
 31695 | Abyss:2  | Killed a lich
 31738 | Shoals:2 | Escaped the Abyss
 32427 | Shoals:2 | Noticed a kraken
 32451 | Shoals:2 | Killed a kraken
 34561 | Shoals:3 | Noticed a kraken
 34567 | Shoals:3 | Killed a kraken
 35021 | Shoals:3 | Found Jalatoas's Overcharged Wands.
 35223 | Shoals:4 | Entered Level 4 of the Shoals
 36160 | Shoals:4 | Got a barnacled rune of Zot
 36346 | Shoals:4 | Found Jauloazu's Jewellery Shop.
 36694 | Shoals:4 | Reached skill level 20 in Armour
 36694 | Shoals:4 | Received a gift from Trog
 37327 | Shoals:4 | Reached skill level 15 in Ranged Weapons
 37514 | Spider:1 | Entered Level 1 of the Spider Nest
 37523 | Spider:1 | Reached XP level 18. HP: 170/170 MP: 17/17
 37537 | Spider:1 | Noticed Nikola
 37818 | Spider:1 | Killed Nikola
 38277 | Spider:1 | Received a gift from Trog
 38621 | Spider:1 | Identified the +9 falchion "Caecwodi" {antimagic, Will+
                  | Str+3}
 39547 | Spider:2 | Succumbed to a wolf spider's poison

Illustrated notes

Levels and vault maps discovered:
D:1:      lemuel_arrival_funnel, layout_loops_ring, basic_ecumenical_altar,
          serial_park_tiny_pond
D:2:      layout_loops_corners, basic_altar, minmay_crystal_water,
          minmay_gold_behind_fungi
D:3:      layout_basic, minmay_rat_hole
D:4:      layout_loops_ring, minmay_temple_entry_glassed_door,
          uniq_crazy_yiuf_cottage, uniq_edmund
D:5:      layout_loops_cross, lemuel_tele_altar, evilmike_ruin_ashenzari
D:6:      layout_basic, pdpol_wu_jian_five_deadly_venoms, gup_sewer_entry_pipe,
          nicolae_shop_distant_corner_stores, uniq_duvessa, uniq_blork_the_orc
D:7:      minmay_slanted_spiral_squares, layout_loops_ring,
          mainiacjoe_overflow_tiny_flanked, mainiacjoe_overflow_alcove_4,
          minmay_fractal_squares_gapless_5
D:8:      layout_loops_ring, nicolae_ru_awakened_eye,
          mainiacjoe_overflow_chevrons, nicolae_ossuary_entry_catacombs,
          uniq_pikel
D:9:      layout_big_octagon, grunt_qazlal_clouds
D:10:     hellmonk_paralyzer, layout_long_grid, trog_wizard, dpeg_oklobed_lair,
          erik_orc_1, ebering_ghost_xom
D:11:     layout_roguey, serial_shops, nicolae_shop_crystal
D:12:     layout_loops_ring, portal_ice_cave_entry_ice_simulacra,
          gammafunk_ghost_nasty_kobolds, uniq_erolcha
D:13:     layout_gridville, uniq_kirke, uniq_rupert
D:14:     layout_basic, grunt_vaults_entry_fortified,
          amcnicky_mini_corridor_feature, uniq_jorgrun
D:15:     hangedman_depths_entry_civil_slaughter, layout_long_grid,
          grunt_decor_fettered, drop_trap, hex_tiny, uniq_josephine
Lair:1:   layout_chaotic_city, grunt_megastairs_5, uniq_fannar
Lair:2:   layout_gridlike, st_stairs_5, wad_woods_road_03
Lair:3:   layout_small_grid, shoals_dummy_entry,
          nicolae_spider_entry_orb_guardian, serial_bayou_pond_b,
          serial_bayou_pond_a, cheibrodos_lair_lostbears, uniq_gastronok,
          uniq_snorg
Lair:4:   layout_long_grid, nicolae_volcano_entry_s_turn,
          nicolae_lair_lakeside_cave, grunt_megastairs_3
Lair:5:   hellmonk_lair_end_abyssal_woods, layout_hall_layers,
          dpeg_slime_entry_enclosed
Shoals:1: layout_shoals, nicolae_island_escapes
Shoals:2: layout_shoals, st_cyclops, uniq_ilsuiw
Shoals:3: cheibrodos_shoals_satyrical_garden, layout_shoals,
          nicolae_shop_overcharged_wands
Shoals:4: shoals_end_simple, layout_shoals, serial_shops,
          nicolae_shop_gaudy_bauble
Spider:1: layout_spider_delve, nicolae_spider_some_kinda_spiderbox, uniq_nikola
Spider:2: layout_cave_pods, nicolae_spider_wall_of_niches
Orc:1:    layout_caves
Orc:2:    st_orc_mages, layout_caves, nicolae_orc_lost_temple

Skill      XL: |  1  2  3  4  5  6  7  8  9 10 11 12 13 14 15 16 17 |
---------------+----------------------------------------------------+-----
Fighting       | 4 5 6 7 8 10 11 12 13 14 15 16 17 | 17.7
Axes           | 4 5 6 7 8 10 11 12 13 14 15 16 17 | 17.8
Armour         | 3 4 5 6 7 8 9 11 12 14 16 17 19 20 | 20.3
Dodging        | 3 4 5 6 7 9 10 11 12 13 14 15 16 | 16.2
Ranged Weapons | 2 5 6 8 9 10 12 13 14 15 | 15.3
Shields        | 3 6 8 10 11 13 | 13.4

Action                     |  1- 3 |  4- 6 |  7- 9 | 10-12 | 13-15 | 16-18 || total
---------------------------+-------+-------+-------+-------+-------+-------++-------
  Melee: Hand axe          |    78 |    98 |   199 |    38 |       |       ||   413
         Headbutt          |     7 |    17 |    48 |    71 |    72 |    89 ||   304
         Punch             |       |     2 |     3 |     1 |     2 |       ||     8
         Battleaxe         |       |       |       |   302 |   330 |       ||   632
         Broad axe         |       |       |       |       |    40 |   343 ||   383
   Fire: Hand crossbow     |       |       |    44 |   219 |   632 |   734 ||  1629
  Throw: Javelin           |    34 |     7 |    13 |     3 |       |       ||    57
         Dart              |     4 |       |     3 |     1 |     1 |       ||     9
 Invoke: Berserk           |       |     2 |     6 |    14 |    10 |    16 ||    48
         Brothers in Arms  |       |       |       |     1 |     5 |     4 ||    10
         Trog's Hand       |       |       |       |     1 |     4 |     5 ||    10
    Use: Scroll            |       |       |     6 |    21 |     5 |     4 ||    36
         Potion            |       |       |       |       |       |     1 ||     1
   Stab: Petrified         |       |       |       |       |     2 |       ||     2
 Armour: Chain mail        |    44 |    20 |       |       |       |       ||    64
         Ring mail         |       |     9 |    66 |       |       |       ||    75
         Plate armour      |       |       |    23 |   300 |   490 |   519 ||  1332
  Dodge: Dodged            |    31 |    38 |   150 |   254 |   529 |   464 ||  1466
  Block: Tower shield      |       |       |       |       |       |   830 ||   830
